 Dungeon Crawl Stone Soup version 0.25-a0-667-gb977e01cb5 (webtiles) character file.

Game seed: 15603857699893859839, levelgen mode: deterministic

1675 ReteAZ the Cleaver (level 8, -4/71 HPs)
             Began as a Minotaur Fighter on Mar 27, 2020.
             Was a Believer of Makhleb.
             Slain by Menkaure (17 damage)
             ... on level 7 of the Dungeon.
             The game lasted 00:05:34 (5266 turns).

ReteAZ the Cleaver (Minotaur Fighter)               Turns: 5266, Time: 00:05:34

Health: -4/71      AC: 11    Str: 19 (22) XL:     8   Next: 70%
Magic:  7/7        EV:  6    Int:  3 (5)  God:    Makhleb [**....]
Gold:   400        SH: 10    Dex:  9 (11) Spells: 7/7 levels left

rFire    . . .     SeeInvis .   a - +0 war axe
rCold    . . .     Gourm    .   c - +0 kite shield
rNeg     . . .     Faith    .   t - +1 chain mail {MR+}
rPois    .         Spirit   .   (helmet restricted)
rElec    .         Reflect  .   m - scarf {cloud immunity}
rCorr    .         Harm     .   (no gloves)
MR       +....                  (no boots)
Stlth    ..........             (no amulet)
HPRegen  0.21/turn              (no ring)
MPRegen  0.10/turn              (no ring)

@: stab, slowed, very slow
A: retaliatory headbutt, horns 2
a: Minor Destruction, Renounce Religion


You were on level 7 of the Dungeon.
You worshipped Makhleb.
Makhleb was pleased with you.
You were not hungry.

You visited 1 branch of the dungeon, and saw 7 of its levels.

You collected 400 gold pieces.

Inventory:

Hand Weapons
 a - a +0 war axe (weapon)
Missiles
 l - 26 poisoned darts (quivered)
 r - 3 javelins
Armour
 b - a +0 scale mail
 c - a +0 kite shield (worn)
 m - a scarf of cloud immunity (worn)
 t - a +1 chain mail of magic resistance (worn)
Jewellery
 g - an uncursed ring of wizardry
 v - a +3 ring of protection {unknown}
Scrolls
 e - a scroll of teleportation {unknown}
 h - 12 scrolls of identify {unknown}
 i - 2 scrolls of enchant weapon {unknown}
 j - a scroll of amnesia {unknown}
 k - 3 scrolls of magic mapping {unknown}
 p - 2 scrolls of random uselessness {unknown}
 w - a scroll of immolation {unknown}
 y - a scroll of vulnerability {unknown}
 B - a scroll of noise {unknown}
 E - a scroll of fog {unknown}
Potions
 d - a potion of might
 n - a potion of stabbing
 q - 2 potions of degeneration
 s - a potion of curing {unknown}
 u - a potion of resistance {unknown}
 x - a potion of haste {unknown}
 z - a potion of invisibility {unknown}
 A - a potion of berserk rage {unknown}
 C - a potion of flight {unknown}
Comestibles
 f - 9 rations
 D - 10 chunks of flesh


   Skills:
 + Level 6.9 Fighting
 * Level 8.8 Axes
 + Level 6.9 Armour
 + Level 7.0 Shields


You had 7 spell levels left.
You didn't know any spells.
Your spell library contained the following spells:

 Spells                   Type           Power        Failure   Level  Hunger
 Magic Dart               Conj           #...         100%        1    ##.....
 Searing Ray              Conj           #.....       100%        2    ###....
 Dazzling Flash           Conj/Hex       #.....       100%        3    ####...
 Fulminant Prism          Conj/Hex       #.........   100%        4    #####..
 Iskenderun's Mystic Bla  Conj/Tloc      #.......     100%        4    #####..


Dungeon Overview and Level Annotations

Branches:
Dungeon (7/15)             Temple (0/1) D:4

Altars:
Cheibriados
Elyvilon
Makhleb
Nemelex Xobeh
Ru
Wu Jian
The Shining One

Shops:
D:5 :

Annotations:
D:6 1 runed translucent door, stillor's ghost, novice KoEn
D:7 Menkaure


Innate Abilities, Weirdness & Mutations

You reflexively headbutt those who attack you in melee.
You have a pair of horns on your head.


Message History

The orc wizard casts a spell.
The orc wizard blinks!
The orc warrior hits you with a +0 long sword!
* * * LOW HITPOINT WARNING * * *
You block Menkaure's attack. The orc hits you with a +0 dagger.
* * * LOW HITPOINT WARNING * * *
You block the orc warrior's attack. Menkaure barely misses you.
You furiously retaliate!
You headbutt Menkaure.
You feel much better. Menkaure hits you! You block the orc's attack.
The orc warrior hits you but does no damage.
Menkaure hits you!
* * * LOW HITPOINT WARNING * * *
The orc wizard mumbles some strange words.
The orc wizard blinks!
Menkaure barely misses you.
The orc warrior hits you with a +0 long sword!
* * * LOW HITPOINT WARNING * * *
The orc wizard casts a spell.
The orc wizard blinks!
Menkaure hits you!
You die...

..... #..###....
##....#... .
##..#..... ..#
##....#...## ...#
#.###.....#....#...#
...........o......#
##.#[..##.oM..##..#
#......#...#@.....#
......#...###.....#
#.....###..>.>.#
+....## #.<..###
#.)..# #..###
......ยง..# ####
..........#
.........##
#.$......#


You could see an orc warrior, Menkaure and an orc.

Vanquished Creatures
  Grinder (D:4)
  Eustachio (D:4)
  3 ogres
  A black bear (D:7)
  A bullfrog (D:5)
  A water moccasin zombie (D:6)
  4 crimson imps (D:5)
  A bullfrog zombie (D:6)
  A jelly (D:6)
  A centaur skeleton (D:5)
  4 orc priests
  A hound (D:5)
  An iguana (D:4)
  5 orc wizards
  4 worker ants
  3 gnolls (D:3)
  8 adders
  An ooze (D:3)
  2 adder skeletons
  3 worms
  2 dart slugs
  A leopard gecko (D:2)
  17 orcs
  5 bats
  A giant cockroach (D:3)
  10 goblins
  5 hobgoblins
  9 jackals
  2 quokkas (D:2)
  2 ball pythons
  A ball python skeleton (D:4)
  6 frilled lizards
  10 kobolds
  6 rats
124 creatures vanquished.

Notes
Turn   | Place    | Note
-------+----------+-------------------------------------------
     0 | D:1      | ReteAZ the Minotaur Fighter began the quest for the Orb.
     0 | D:1      | Reached XP level 1. HP: 19/19 MP: 0/0
   135 | D:1      | Reached XP level 2. HP: 27/27 MP: 1/1
   245 | D:1      | Reached skill level 3 in Axes
   930 | D:2      | Reached XP level 3. HP: 31/33 MP: 2/2
  1256 | D:2      | Found a burning altar of Makhleb.
  1257 | D:2      | Found a snail-covered altar of Cheibriados.
  1273 | D:2      | Became a worshipper of Makhleb the Destroyer
  1307 | D:2      | Found a sacrificial altar of Ru.
  1378 | D:2      | Reached XP level 4. HP: 30/40 MP: 3/3
  1385 | D:2      | Reached skill level 4 in Axes
  2035 | D:3      | Reached XP level 5. HP: 47/47 MP: 4/4
  2397 | D:4      | Noticed Eustachio
  2416 | D:4      | Killed Eustachio
  2416 | D:4      | Reached skill level 5 in Axes
  2416 | D:4      | Reached XP level 6. HP: 55/55 MP: 5/5
  2467 | D:4      | Noticed Grinder
  2472 | D:4      | Paralysed by Grinder for 2 turns
  2480 | D:4      | Killed Grinder
  2480 | D:4      | Reached skill level 5 in Fighting
  2480 | D:4      | Reached skill level 6 in Axes
  2480 | D:4      | Reached skill level 5 in Armour
  2480 | D:4      | Reached skill level 5 in Shields
  2628 | D:4      | Found a staircase to the Ecumenical Temple.
  2713 | D:4      | Reached XP level 7. HP: 61/61 MP: 6/6
  2744 | D:4      | Found a glowing golden altar of the Shining One.
  3278 | D:4      | Reached * piety under Makhleb
  3287 | D:4      | Reached skill level 7 in Axes
  3545 | D:5      | Entered Level 5 of the Dungeon
  3564 | D:5      | Reached XP level 8. HP: 40/70 MP: 7/7
  3789 | D:5      | Found an ornate altar of the Wu Jian Council.
  3961 | D:5      | Found Taci's Book Boutique.
  4025 | D:5      | Found a sparkling altar of Nemelex Xobeh.
  4154 | D:5      | Reached skill level 8 in Axes
  4157 | D:5      | Reached ** piety under Makhleb
  4509 | D:6      | Found a runed translucent door.
  4515 | D:6      | Noticed stillor's ghost (novice KoEn)
  4848 | D:6      | Found a white marble altar of Elyvilon.
  5249 | D:7      | Noticed Menkaure
  5259 | D:7      | HP: 2/71 [orc warrior/+0 long sword (12)]
  5266 | D:7      | Slain by Menkaure

Levels and vault maps discovered:
D:1:      matt_arrival_spirals, layout_loops_corners
D:2:      layout_basic, nicolae_ru_the_path_less_chosen,
          gammafunk_temple_overflow_pools
D:3:      layout_loops_ring, hex_tiny, minmay_misc_feat_secret_circle
D:4:      layout_basic, nicolae_overflow_crystal_walls,
          minmay_temple_entry_enclosed_plants, chequers_serial_rivers_micro_a,
          uniq_eustachio, uniq_grinder
D:5:      layout_basic, nemelex_xobeh_ov_fountains_minmay,
          overflow_temple_1_default, first_ration, serial_shops, shop,
          columned_hall_lemuel
D:6:      layout_basic, lemuel_coloured_pillars_altar, ebering_ghost_sewer_d
D:7:      minmay_the_grid_octo_tiled_octocenter [minmay_the_grid_octo_empty,
          minmay_the_grid_octo_horde, minmay_the_grid_octo_chip,
          minmay_the_grid_octo_fat_diamond,
          minmay_the_grid_octo_prize_ultimate_mussel_roller,
          minmay_the_grid_square_5x5_moneybag,
          minmay_the_grid_square_5x5_misaligned,
          minmay_the_grid_square_5x5_six_small,
          minmay_the_grid_square_5x5_shrine1], layout_cave_pools, serial_shops,
          nicolae_shop_behind_doors, lightli_minifort, uniq_menkaure

Skill      XL: |  1  2  3  4  5  6  7  8 |
---------------+-------------------------+-----
Axes           | 3 4 5 6 7 8 |  8.8
Armour         | 4 5 6 |  6.9
Shields        | 4 5 6 7 |  7.0
Fighting       | 4 5 6 |  6.9

Action                   |  1- 3 |  4- 6 |  7- 9 || total
-------------------------+-------+-------+-------++-------
Melee: War axe           |   106 |    98 |   151 ||   355
       Headbutt          |     6 |    18 |    30 ||    54
Throw: Dart              |       |     7 |       ||     7
  Use: Potion            |       |       |     4 ||     4
  Eat: Chunk             |     2 |     4 |     8 ||    14
Armor: Scale mail        |    64 |    23 |       ||    87
       Chain mail        |       |    18 |    63 ||    81
Dodge: Dodged            |    31 |    23 |    32 ||    86
Block: Kite shield       |    56 |    52 |    86 ||   194

Table legend:
 A = Non-vault XP
 B = Vault XP
 C = Vault XP percentage of total XP
 D = Non-vault monster count
 E = Vault monster count
 F = Vault count percentage of total count
                 A         B        C        D         E       F
            +---------+---------+-------+---------+---------+-------
      Total |    1911 |     483 |  20.2 |     122 |       2 |   1.6
            +---------+---------+-------+---------+---------+-------
        D:1 |      32 |       0 |   0.0 |      19 |       0 |   0.0
        D:2 |      95 |       0 |   0.0 |      26 |       0 |   0.0
        D:3 |     205 |       0 |   0.0 |      21 |       0 |   0.0
        D:4 |     423 |     483 |  53.3 |      18 |       2 |  10.0
        D:5 |     696 |       0 |   0.0 |      19 |       0 |   0.0
        D:6 |     331 |       0 |   0.0 |      17 |       0 |   0.0
        D:7 |     129 |       0 |   0.0 |       2 |       0 |   0.0
            +---------+---------+-------+---------+---------+-------
